AoeStats
← Lorbyron

Nomad

509135733Analyzed
3v3 RM · 6d ago on Sep 25, 2026· 41m 35s· 6 players
Game mode
Random Map
Map size
210×210
Population
200
Speed
Normal
Resources
Standard
Victory
Conquest
Starting age
Dark Age
Ending age
Imperial Age
RankedLock teamsTeams togetherTeam positionsShared explorationLock speedFull tech treeHidden civsTurbo modeCheats
Victory
Defeat
🇪🇸 Bohemians · Spain
889
+11
🇺🇸 Wei · United States
831
+13
🇨🇿 Italians · Czechia
829
+13
🇫🇷 Mongols · France
875
-16
🇫🇷 Franks · France
749
-12
🇫🇷 Slavs · France
687
-9
Jawad0325
11:17 Loom
14:21 Feudal Age
19:53 Castle Age
31:40 Imperial Age
31:24 Town Watch
37:41 Chemistry
36:38 Murder Holes
37:58 Pikeman
39:34 Fletching
41:43 Conscription
41:29 Elite Skirmisher
Karlos
18:12 Feudal Age
19:16 Loom
20:39 Double-Bit Axe
23:07 Castle Age
30:53 Wheelbarrow
37:00 Imperial Age
37:11 Chemistry
38:44 Hand Cart
39:24 Ballistics
Chillpia
6:06 Loom
16:58 Feudal Age
18:16 Double-Bit Axe
19:56 Wheelbarrow
19:08 Horse Collar
23:38 Castle Age
22:30 Fletching
23:43 Padded Archer Armor
25:28 Hand Cart
25:19 Heavy Plow
25:31 Bow Saw
25:19 Bodkin Arrow
27:48 Leather Archer Armor
35:07 Imperial Age
32:40 Scale Mail Armor
32:51 Forging
34:06 Chain Mail Armor
34:44 Town Watch
36:39 Masonry
36:26 Murder Holes
36:38 Town Patrol
37:00 Bracer
38:55 Chemistry
38:41 Conscription
40:21 Ring Archer Armor
41:02 Architecture
Lorbyron
14:39 Feudal Age
15:12 Double-Bit Axe
18:18 Wheelbarrow
25:08 Castle Age
26:48 Stone Mining
26:51 Gold Mining
30:05 Scale Barding Armor
30:11 Forging
33:55 Town Watch
37:37 Imperial Age
35:47 Town Patrol
38:31 Scale Mail Armor
39:06 Iron Casting
39:01 Fortified Wall
38:51 Murder Holes
39:56 Chemistry
41:56 Chain Mail Armor
Ahazeuyfe
13:55 Loom
16:47 Feudal Age
17:44 Double-Bit Axe
17:41 Horse Collar
19:42 Town Watch
20:33 Wheelbarrow
24:18 Scale Barding Armor
24:24 Forging
24:14 Scale Mail Armor
24:08 Gold Mining
24:10 Stone Mining
25:27 Bloodlines
32:29 Castle Age
35:19 Castle Age
Triton
6:23 Loom
15:13 Feudal Age
17:29 Man-at-Arms
39:49 Castle Age
Connection lost

Rejoining the realm…

Still unreachable

The connection could not be restored.

Session expired

The server has moved on; the page needs a fresh start.